 Dungeon Crawl Stone Soup version 0.22.1-1-ga44c0e56f4 (webtiles) character file.

137 KleinerIrrer the Ruffian (level 5, -1/36 HPs)
             Began as an Octopode Fighter on Oct 28, 2018.
             Slain by a centaur (9 damage)
             ... on level 3 of the Dungeon.
             The game lasted 00:03:41 (2544 turns).

KleinerIrrer the Ruffian (Octopode Fighter)         Turns: 2544, Time: 00:03:41

Health: -1/36      AC:  1    Str: 21    XL:     5   Next: 20%
Magic:  5/5        EV: 13    Int: 10    God:
Gold:   149        SH:  9    Dex: 12    Spells: 4/4 levels left

rFire    . . .     SeeInvis .     - Unarmed
rCold    . . .     Gourm    .   a - +0 shield
rNeg     . . .     Faith    .   (helmet restricted)
rPois    .         Spirit   .   (no amulet)
rElec    .         Reflect  .   p - +2 ring of evasion
rCorr    .         Harm     .   (no ring)
MR       .....                  (no ring)
Stlth    ++........             (no ring)
HPRegen  0.12/turn              (no ring)
MPRegen  0.09/turn              (no ring)
                                (no ring)
                                (no ring)

@: mighty
A: almost no armour, stealthy swim, amphibious, 8 rings, constrict 8, camouflage
1, gelatinous body 1
a: no special abilities


You were on level 3 of the Dungeon.
You were not hungry.

You visited 1 branch of the dungeon, and saw 3 of its levels.

You collected 149 gold pieces.

Inventory:

Armour
 a - a +0 shield (worn)
Jewellery
 p - a +2 ring of evasion (left tentacle)
Scrolls
 d - a scroll of enchant weapon {unknown}
 e - a scroll of random uselessness {unknown}
 g - a scroll of magic mapping {unknown}
 j - 2 scrolls of blinking {unknown}
 m - a scroll of noise {unknown}
 n - 2 scrolls of remove curse
Potions
 b - a potion of might
 f - a potion of haste
 h - a potion of resistance
 i - 2 potions of curing {unknown}
 k - a potion of ambrosia {unknown}
 l - a potion of degeneration {unknown}
 q - a potion of flight {unknown}
Comestibles
 c - 5 rations
 o - 7 chunks of flesh


   Skills:
 - Level 3.0 Fighting
 - Level 3.0 Dodging
 - Level 3.0 Shields
 + Level 5.2 Unarmed Combat


You had 4 spell levels left.
You didn't know any spells.
Your spell library was empty.

Dungeon Overview and Level Annotations

Branches:
Dungeon (3/15)

Altars:
Fedhas
Uskayaw

Annotations:
D:3 Sigmund


Innate Abilities, Weirdness & Mutations

You cannot wear most types of armour.
You are very stealthy in the water. (Stealth+)
You are amphibious.
You can wear up to eight rings at the same time.
You can use your tentacles to constrict eight enemies at once.
Your skin changes colour to match your surroundings (Stealth+).
Your rubbery body absorbs attacks. (AC +1, EV +1)


Message History

You see here an arrow.
The centaur shoots an arrow.
You block the arrow.
Found a green potion.
You see here an arrow.
The centaur shoots an arrow.
The arrow hits you.
You see here an arrow.
The centaur unwields an uncursed shortbow.
The centaur hits you. x2; Sigmund closely misses you.
You tentacle-slap Sigmund. You grab Sigmund.
Sigmund is lightly wounded.
You constrict Sigmund. The centaur hits you!
You tentacle-slap Sigmund. You tentacle-slap Sigmund!
Sigmund is severely wounded.
You constrict Sigmund. The centaur hits you!
* * * LOW HITPOINT WARNING * * *
You block Sigmund's attack. The centaur barely misses you.
You tentacle-slap the centaur.
The centaur is lightly wounded.
You constrict Sigmund. The centaur hits you!
You die...

........
+...+...........+.... ..
#...###.###.....#.... ##
. #.# #.......... ..
#.###.......... ...
#.##.........## ....##
#............##
##....####.(.(...##...##
#........#(......##...##
#.....@@((........#...##
#.....c..._..8.._.#...##
#.................##.##
##!....##........###.#
#..... #...(....# #+#
#..... #....$.#.# ####+#
#......... #..........
##


You could see Sigmund and a centaur.

Vanquished Creatures
  A bullfrog skeleton (D:2)
  A gnoll (D:1)
  2 adders
  An ooze (D:2)
  3 worms
  3 dart slugs
  A leopard gecko (D:2)
  4 orcs (D:2)
  12 bats
  2 giant cockroaches
  5 goblins
  3 hobgoblins
  3 jackals (D:2)
  6 kobolds
  3 quokkas
  3 frilled lizards
  6 rats
59 creatures vanquished.

Notes
Turn   | Place    | Note
-------+----------+-------------------------------------------
     0 | D:1      | KleinerIrrer the Octopode Fighter began the quest for the
                  | Orb.
     0 | D:1      | Reached XP level 1. HP: 16/16 MP: 1/1
    34 | D:1      | Reached XP level 2. HP: 12/21 MP: 2/2
   157 | D:1      | Reached skill level 3 in Unarmed Combat
   736 | D:2      | Reached XP level 3. HP: 26/26 MP: 3/3
   999 | D:2      | Reached skill level 4 in Unarmed Combat
  1216 | D:2      | Reached XP level 4. HP: 13/31 MP: 4/4
  2307 | D:3      | Reached skill level 5 in Unarmed Combat
  2370 | D:3      | Reached XP level 5. HP: 26/36 MP: 5/5
  2474 | D:3      | Found a blossoming altar of Fedhas.
  2474 | D:3      | Found a hide-covered altar of Uskayaw.
  2533 | D:3      | Noticed Sigmund
  2536 | D:3      | Noticed a centaur
  2544 | D:3      | Slain by a centaur

Skill      XL: |  1  2  3  4 |
---------------+-------------+-----
Unarmed Combat | 3 4 5 |  5.2
Fighting       | |  3.0
Dodging        | |  3.0
Shields        | |  3.0

Action                   |  1- 3 |  4- 6 || total
-------------------------+-------+-------++-------
Melee: Unarmed           |    73 |    68 ||   141
       Constrict         |    22 |    16 ||    38
       Tentacles         |    14 |    13 ||    27
       Punch             |     2 |     2 ||     4
  Use: Scroll            |       |     3 ||     3
       Potion            |       |     1 ||     1
 Stab: Sleeping          |     6 |     5 ||    11
       Distracted        |       |     1 ||     1
  Eat: Chunk             |     1 |     4 ||     5
Armor: Skin              |     5 |     4 ||     9
Dodge: Dodged            |    43 |    29 ||    72
Block: Shield            |    29 |    25 ||    54
